 Dungeon Crawl Stone Soup version bcrawl-1.27.8b (webtiles) character file.

Game seed: 14010013138923877267

66568 LostNumber the Sneak (level 1, 0/12 HPs)
             Began as a Vine Stalker Archaeologist on Nov 7, 2020.
             Slain by a gnoll
             ... wielding a +0 halberd
              (12 damage)
             ... on level 1 of the Dungeon.
             The game lasted 00:00:11 (127 turns).

LostNumber the Sneak (Vine Stalker Archaeologist)    Turns: 127, Time: 00:00:12

Health: 0/12       AC:  6    Str: 13    XL:     1   Next: 50%
Magic:  2/2        EV: 13    Int: 14    God:
Gold:   22         SH:  0    Dex: 12    Spells: 0/0 levels left

rFire    . . .     SeeInvis .   a - +0 whip
rCold    . . .     Gourm    .   (no shield)
rNeg     . . .     Faith    .   b - +1 robe
rPois    .         Spirit   .   c - +1 hat
rElec    .         Reflect  .   (no cloak)
rCorr    .         Harm     .   (no gloves)
MR       .....                  d - +1 pair of boots
Stlth    +++.......             (no amulet)
HPRegen  0.44/turn              (no ring)
MPRegen  0.08/turn              (no ring)

@: no status effects
A: fangs 2, regeneration 1, no potion heal 3, rot immunity, strong jaws
a: no special abilities


You were on level 1 of the Dungeon.
You were not hungry.

You visited 1 branch of the dungeon, and saw 1 of its levels.

You collected 22 gold pieces.

Inventory:

Hand Weapons
 a - a +0 whip (weapon)
Armour
 b - a +1 robe (worn)
 c - a +1 hat (worn)
 d - a +1 pair of boots (worn)
Scrolls
 g - a scroll of magic mapping
 j - a scroll of teleportation {unknown}
 l - a scroll of remove curse {unknown}
Potions
 i - a potion of lignification {unknown}
 k - a potion of mutation {unknown}
Miscellaneous
 f - a dusty tome
Comestibles
 e - a ration {!d!d}
 h - 7 chunks of flesh


   Skills:
 + Level 1.0 Fighting
 - Level 0.8 Maces & Flails
 + Level 3.0 Dodging
 + Level 4.5 Stealth


You couldn't memorise any spells.
You didn't know any spells.
Your spell library was empty.

Dungeon Overview and Level Annotations

Branches:
Dungeon (1/12)

Altars:


Innate Abilities, Weirdness & Mutations

You have extremely sharp teeth.
Your natural rate of healing is unusually fast.
Potions cannot restore your health.
You are immune to rotting.
Your bites deal extra damage.


Message History

You hit the hobgoblin. The hobgoblin hits you.
You closely miss the hobgoblin.
The hobgoblin hits you but does no damage.
You barely miss the hobgoblin. The hobgoblin barely misses you.
You hit the hobgoblin but do no damage. You bite the hobgoblin.
You kill the hobgoblin!
No target in view!
No target in view!
You butcher the hobgoblin corpse.
h - 4 chunks of flesh
Things that are here:
136 stones; a hobgoblin skeleton
Things that are here:
136 stones; a hobgoblin skeleton You butcher the hobgoblin corpse.
h - 7 chunks of flesh (gained 3)
Things that are here:
93 stones; a hobgoblin skeleton
Things that are here:
93 stones; a hobgoblin skeleton
There is a large open door here.
There is a large open door here.
You open the door.
There is an open door here.
Found a metallic cyan potion.
i - a metallic cyan potion
Found a scroll labeled BYVOATA JUFOUR.
j - a scroll labeled BYVOATA JUFOUR You open the door.
There is an open door here.
Found a scroll labeled NEALAAZUXT and 10 gold pieces.
Found 12 gold pieces.
You now have 10 gold pieces.
k - a murky brown potion You now have 22 gold pieces (gained 12).
Found a stone staircase leading down.
l - a scroll labeled NEALAAZUXT A bat comes into view.
A bat is nearby!
A bat is nearby!
You hit the bat.
You kill the bat!
No target in view!
A gnoll comes into view. It is wielding a +0 halberd.
The helpless gnoll fails to defend itself.
You hit the gnoll but do no damage. The gnoll hits you but does no damage.
You hit the gnoll. The gnoll hits you but does no damage.
You hit the gnoll. The gnoll hits you with a +0 halberd!
Ouch! That really hurt!
You die...

......................#
########.#.##########....
#.#.# #### #.#.# #.#.#
##.#.# #....# #.#..#
#g@.## #####


You could see a gnoll.

Vanquished Creatures
  2 hobgoblins (D:1)
  A bat (D:1)
3 creatures vanquished.

Notes
Turn   | Place    | Note
-------+----------+-------------------------------------------
     0 | D:1      | LostNumber the Vine Stalker Archaeologist began the quest
                  | for the Orb.
     0 | D:1      | Reached XP level 1. HP: 11/11 MP: 2/2
     9 | D:1      | Reached skill level 1 in Fighting
   127 | D:1      | Slain by a gnoll

Skill      XL: |  1 |
---------------+----+-----
Fighting       | 1 |  1.0
Maces & Flails | |  0.8
Dodging        | |  3.0
Stealth        | |  4.5

Action                   || total
-------------------------++-------
Melee: Whip              ||    10
       Bite              ||     1
 Stab: Sleeping          ||     1
Armor: Robe              ||     3
Dodge: Dodged            ||     6
